 Dungeon Crawl Stone Soup version 0.18-a0-739-gdae9da8 (webtiles) character file.

429 Raultor the Slasher (level 6, -5/47 HPs)
             Began as a Demonspawn Gladiator on Dec 10, 2015.
             Was an Initiate of Makhleb.
             Slain by Prince Ribbit (9 damage)
             ... on level 5 of the Dungeon.
             The game lasted 00:11:23 (4654 turns).

Raultor the Slasher (Demonspawn Gladiator)          Turns: 4654, Time: 00:11:23

Health: -5/47      AC: 14    Str: 22    XL:     6   Next: 66%
Magic:  6/6        EV: 14    Int:  9    God:    Makhleb [......]
Gold:   263        SH:  0    Dex: 13    Spells: 0 memorised, 5 levels left

rFire  . . .     SeeInvis .     a - +0 long sword
rCold  . . .     Clarity  .     m - +2 scale mail {rN+}
rNeg   + . .     SustAt   .     (no shield)
rPois  .         Gourm    .     c - +0 helmet
rElec  .         Spirit   .     (no cloak)
rCorr  .         Dismiss  +     (no gloves)
rMut   .         Stasis   .     s - +0 pair of boots
MR     .....                    g - amulet of dismissal
Stlth  ..........               (no ring)
                                v - +2 ring of evasion

@: mighty, flying, not resistant to hostile enchantments, extremely unstealthy
A: rough black scales 1, powered by pain 2
a: Renounce Religion


You were on level 5 of the Dungeon.
You worshipped Makhleb.
Makhleb was noncommittal.
You were not hungry.

You visited 2 branches of the dungeon, and saw 6 of its levels.

You collected 263 gold pieces.

Inventory:

Hand Weapons
 a - a +0 long sword (weapon)
Missiles
 d - 4 throwing nets {=f, !d}
Armour
 c - a +0 helmet (worn)
 m - a +2 scale mail of positive energy (worn)
   (You took it off Terence on level 2 of the Dungeon)
 s - a +0 pair of boots (worn)
   (You found it on level 4 of the Dungeon)
Jewellery
 g - an amulet of dismissal (around neck)
   (You took it off a kobold on level 3 of the Dungeon)
 v - a +2 ring of evasion (left hand)
   (You found it on level 3 of the Dungeon)
Wands
 y - a wand of disintegration (11)
   (You found it on level 5 of the Dungeon)
Scrolls
 f - a scroll of enchant armour {unknown}
 h - 5 scrolls of teleportation {unknown}
 i - a scroll of enchant weapon {unknown}
 j - a scroll of immolation {unknown}
 l - a scroll of random uselessness {unknown}
 o - a scroll of identify {unknown}
 t - a scroll of magic mapping {unknown}
 u - 3 scrolls of fear {unknown}
 w - 2 scrolls of remove curse {unknown}
Potions
 b - a potion of berserk rage {unknown}
 r - a potion of curing {unknown}
Comestibles
 e - 9 bread rations {@e1}
 n - a meat ration {@e2}
 p - a beef jerky
 q - a royal jelly
 x - a chunk of flesh {@w0}


   Skills:
 + Level 3.5 Fighting
 * Level 4.5 Long Blades
 - Level 1.7 Throwing
 + Level 2.6 Armour
 + Level 4.1 Dodging
 + Level 0.6 Invocations


You had 5 spell levels left.
You didn't know any spells.

Dungeon Overview and Level Annotations

Branches:
Dungeon (5/15)             Temple (1/1) D:4

Altars:
Cheibriados
Fedhas
Gozag
Kikubaaqudgha
Makhleb
Nemelex Xobeh
Okawaru
Qazlal
Ru
Sif Muna
Trog
Vehumet
Xom
Zin
The Shining One

Annotations:
D:3 Sigmund
D:5 Prince Ribbit


Innate Abilities, Weirdness & Mutations

You are partially covered in rough black scales (AC +4, Dex -1).
You sometimes gain power by taking damage.


Message History

You hit the hound zombie. The hound zombie barely misses you.
The hound zombie barely misses you.
You barely miss the hound zombie. The hound zombie barely misses you.
You hit the hound zombie. The hound zombie misses you.
The hound zombie bites you but does no damage.
You slash the hound zombie!
The hound zombie bites you but does no damage.
You hit the hound zombie. The hound zombie misses you.
The hound zombie completely misses you.
You slash the hound zombie!
You destroy the hound zombie!
Makhleb accepts your kill.
y - a wand of disintegration
z - a murky yellow potion A giant newt comes into view.
A giant newt is nearby!
The giant newt closely misses you.
You hit the giant newt.
You kill the giant newt!
Makhleb accepts your kill.
Prince Ribbit hits you but does no damage.
You hit Prince Ribbit but do no damage. Prince Ribbit hits you!
Prince Ribbit barely misses you.
You take 7 damage, and have 32/47 hp.
Prince Ribbit momentarily phases out as your attack passes through him.
Prince Ribbit hits you.
You take 3 damage, and have 29/47 hp.
You see here a giant newt corpse.
You butcher the giant newt corpse.
A hound zombie comes into view.
You see here a chunk of flesh {@w0}.
The hound zombie barely misses you.
You hit the hound zombie.
The hound zombie bites you but does no damage.
You slash the hound zombie!
The hound zombie bites you but does no damage. x2
You slash the hound zombie!
You destroy the hound zombie!
Makhleb accepts your kill.
x - 2 chunks of flesh {@w0} (gained 1)
You start resting.
Eating one of 2 chunks of flesh {@w0}.
You continue eating. x2
Health restored: 47 You found a teleport trap!
A hound skeleton comes into view.
Prince Ribbit croaks.
You barely miss the hound skeleton.
Prince Ribbit blinks!
The hound skeleton closely misses you.
Prince Ribbit hits you but does no damage.
You slash Prince Ribbit! Prince Ribbit closely misses you.
The hound skeleton misses you. Prince Ribbit hits you.
You take 5 damage, and have 42/47 hp.
Prince Ribbit momentarily phases out as your attack passes through him.
The hound skeleton misses you. Prince Ribbit closely misses you.
The hound skeleton bites you.
You take 3 damage, and have 39/47 hp.
You hit Prince Ribbit. Prince Ribbit hits you!
The hound skeleton barely misses you.
Prince Ribbit hits you but does no damage.
The hound skeleton misses you.
You take 13 damage, and have 26/47 hp.
MASSIVE DAMAGE!!
Prince Ribbit momentarily phases out as your attack passes through him.
Prince Ribbit closely misses you. The hound skeleton bites you.
You take 2 damage, and have 24/47 hp.
You miss Prince Ribbit. Prince Ribbit hits you!
* * * LOW HITPOINT WARNING * * *
You focus on the pain.
You feel very mighty all of a sudden.
The hound skeleton bites you but does no damage.
Prince Ribbit blinks!
The hound skeleton closely misses you.
You take 11 damage, and have 13/47 hp.
MASSIVE DAMAGE!!
Drink which item? (? for menu, Esc to quit)
You feel mightier all of a sudden. The hound skeleton barely misses you.
Prince Ribbit blinks!
You hit the hound skeleton. The hound skeleton barely misses you.
Prince Ribbit momentarily phases out as your attack passes through him.
The hound skeleton barely misses you. Prince Ribbit barely misses you.
The hound skeleton misses you. Prince Ribbit closely misses you.
You miss Prince Ribbit.
The hound skeleton bites you but does no damage.
Prince Ribbit closely misses you.
The hound skeleton bites you but does no damage.
Prince Ribbit hits you!
* * * LOW HITPOINT WARNING * * *
You take 10 damage, and have 4/47 hp.
MASSIVE DAMAGE!!
Prince Ribbit momentarily phases out as your attack passes through him.
Prince Ribbit closely misses you. The hound skeleton closely misses you.
Drink which item? (? for menu, Esc to quit)
It was a potion of flight.
You feel very buoyant.
You fly up into the air.
Prince Ribbit hits you but does no damage.
The hound skeleton bites you but does no damage.
Prince Ribbit hits you!
You die...

###..#..##
....
###...#####
... #....##
.. ##...##
. #...^#
##...#
#..## #..#
#.@# #FZ#
#... #..##
##.# #.#
#.# #..


You could see Prince Ribbit and a hound skeleton.

Vanquished Creatures
  The ghost of Alethiolet the Skirmisher, a weakling DsWn (D:3)
  2 hounds (D:4)
  An orc priest (D:3)
  An orc wizard (D:3)
  A worker ant (D:4)
  A giant frog skeleton (D:4)
  Terence (D:2)
  2 hound zombies (D:5)
  Robin (D:3)
  5 adders
  An ooze (D:3)
  4 worms
  7 orcs (D:3)
  10 bats
  3 giant cockroaches
  12 goblins
  12 hobgoblins
  2 jackals (D:1)
  3 quokkas
  A giant gecko (D:1)
  8 giant newts
  7 kobolds
  7 rats
93 creatures vanquished.

Notes
Turn   | Place    | Note
--------------------------------------------------------------
     0 | D:1      | Raultor the Demonspawn Gladiator began the quest for the Orb.
     0 | D:1      | Reached XP level 1. HP: 16/16 MP: 1/1
    63 | D:1      | HP: 4/16 [goblin/dagger (4)]
   399 | D:1      | Gained mutation: You sometimes gain a little power by taking damage. [demonic ancestry]
   399 | D:1      | Reached XP level 2. HP: 16/22 MP: 2/2
   412 | D:1      | Reached skill level 3 in Long Blades
   674 | D:1      | Reached skill level 3 in Dodging
  1054 | D:2      | Noticed Terence
  1095 | D:2      | Killed Terence
  1095 | D:2      | Reached skill level 1 in Armour
  1095 | D:2      | Gained mutation: You are partially covered in rough black scales (AC +4, Dex -1). [demonic ancestry]
  1095 | D:2      | Reached XP level 3. HP: 12/28 MP: 3/3
  1248 | D:2      | HP: 7/28 [poisoned by an adder]
  1253 | D:2      | HP: 5/28 [poisoned by an adder]
  1257 | D:2      | Reached XP level 4. HP: 4/34 MP: 4/4
  1259 | D:2      | HP: 3/34 [poisoned by an adder]
  1267 | D:2      | HP: 2/34 [poisoned by an adder]
  1519 | D:2      | Found a faded altar to an unknown god.
  1682 | D:2      | Found a shimmering altar of Xom.
  1846 | D:3      | Noticed Alethiolet's ghost (weakling DsWn)
  1869 | D:3      | Killed Alethiolet's ghost
  2061 | D:3      | Reached XP level 5. HP: 27/40 MP: 5/5
  2344 | D:3      | Noticed Robin
  2358 | D:3      | Killed Robin
  2358 | D:3      | Reached skill level 2 in Armour
  2614 | D:3      | Reached skill level 3 in Fighting
  2614 | D:3      | Reached skill level 4 in Long Blades
  2989 | D:3      | Gained mutation: You sometimes gain power by taking damage. [demonic ancestry]
  2989 | D:3      | Reached XP level 6. HP: 47/47 MP: 6/6
  3134 | D:3      | Found a sacrificial altar of Ru.
  3182 | D:3      | Noticed Sigmund
  3211 | D:3      | HP: 6/47 [something (11)]
  3636 | D:4      | Found a staircase to the Ecumenical Temple.
  3644 | Temple   | Entered the Ecumenical Temple
  4099 | D:4      | Reached skill level 4 in Dodging
  4368 | D:4      | Found a burning altar of Makhleb.
  4387 | D:4      | Became a worshipper of Makhleb the Destroyer
  4446 | D:5      | Entered Level 5 of the Dungeon
  4446 | D:5      | Noticed Prince Ribbit
  4652 | D:5      | HP: 4/47 [Prince Ribbit (10)]
  4654 | D:5      | Slain by Prince Ribbit

Vault maps used:
D:1:      dpeg_arrival_round_b, st_stairs_9
D:2:      xom_teletrap_fun, ecumenical_altar_1, uniq_terence
D:3:      overflow_temple_1_default, uniq_robin, uniq_sigmund
D:4:      makhleb_heckhound_becter, minmay_temple_entry_purple_smoke,
          minmay_curled_crystal
D:5:      first_bread, uniq_blork_the_orc, uniq_prince_ribbit1
Temple:   dpeg_five_rooms_temple_12

Action                   |  1- 3 |  4- 6 || total
-------------------------+-------+-------++-------
Melee: Long sword        |   143 |   310 ||   453
  Use: Potion            |     1 |     7 ||     8
  Eat: Chunk             |       |    13 ||    13

Vault maps used:
D:1:      dpeg_arrival_round_b, st_stairs_9
D:2:      xom_teletrap_fun, ecumenical_altar_1, uniq_terence
D:3:      overflow_temple_1_default, uniq_robin, uniq_sigmund
D:4:      makhleb_heckhound_becter, minmay_temple_entry_purple_smoke,
          minmay_curled_crystal
D:5:      first_bread, uniq_blork_the_orc, uniq_prince_ribbit1
Temple:   dpeg_five_rooms_temple_12

Table legend:
 A = Turns spent in this place as a percentage of turns spent in the entire game.
 B = Non-inter-level travel turns spent in this place as a percentage of non-inter-level travel turns spent in the entire game.
 C = Inter-level travel turns spent in this place as a percentage of turns spent in this place.
 D = Turns resting spent in this place as a percentage of non-inter-level travel turns spent in this place.
 E = Turns spent auto-exploring this place as a percentage of non-inter-level travel turns spent in this place.
 F = Non-inter-level travel turns spent in this place divided by the number of levels of this place that you've seen.
                   A       B       C       D       E      F
               +-------+-------+-------+-------+-------+----------------------
         Total | 100.0 | 100.0 |   0.6 |   3.7 |  12.8 | 164.8
       Dungeon |  98.5 |  98.6 |   0.5 |   3.8 |  11.7 | 195.0
        Temple |   1.5 |   1.4 |   6.7 |   0.0 |  92.9 |  14.0
               +-------+-------+-------+-------+-------+----------------------

Table legend:
 A = Kills in this place as a percentage of kills in entire the game.
 B = Kills by you in this place as a percentage of kills by you in the entire game.
 C = Kills by friends in this place as a percentage of kills by friends in the entire game.
 D = Other kills in this place as a percentage of other kills in the entire game.
 E = Experience gained in this place as a percentage of experience gained in the entire game.
 F = Experience gained in this place divided by the number of levels of this place that you have seen.
                   A       B       C       D       E      F
               +-------+-------+-------+-------+-------+----------------------
         Total | 100.0 | 100.0 |  -nan |  -nan | 100.0 | 102.2
       Dungeon | 100.0 | 100.0 |  -nan |  -nan | 100.0 | 122.6
               +-------+-------+-------+-------+-------+----------------------
